 Dungeon Crawl Stone Soup version 0.28.0-53-g5a82cb258f (webtiles) character file.

Game seed: 1403873819178160767

270 H0rd4k the Charlatan (level 6, 0/46 HPs)
             Began as a Human Artificer on Aug 12, 2022.
             Slain by an iguana (7 damage)
             ... on level 3 of the Dungeon on Aug 13, 2022.
             The game lasted 00:04:21 (5979 turns).

H0rd4k the Charlatan (Human Artificer)              Turns: 5979, Time: 00:04:21

Health: 0/46       AC:  3    Str: 12    XL:     6   Next: 46%
Magic:  6/6        EV: 12    Int: 14    God:
Gold:   109        SH:  0    Dex: 13    Spells: 5/5 levels left

rFire   . . .      SeeInvis .   r - +2 dagger (freeze)
rCold   . . .      Faith    .   (no shield)
rNeg    . . .      Spirit   .   b - +0 leather armour
rPois   .          Reflect  .   (no helmet)
rElec   .          Harm     .   (no cloak)
rCorr   +          Rampage  .   (no gloves)
Will    .....                   (no boots)
Stlth   +.........              (no amulet)
HPRegen 0.15/turn               k - ring of resist corrosion
MPRegen 0.10/turn               (no ring)

@: no status effects
A: no striking features
a: no special abilities


You were on level 3 of the Dungeon.
You visited 1 branch of the dungeon, and saw 5 of its levels.

You collected 109 gold pieces.

Inventory:

Hand Weapons
 r - a +2 dagger of freezing (weapon)
Missiles
 i - a throwing net
 l - 5 poisoned darts
Armour
 b - a +0 leather armour (worn)
Jewellery
 k - a ring of resist corrosion (left hand)
 u - a +6 ring of intelligence
Wands
 c - a wand of flame (3) (quivered)
Scrolls
 d - a scroll of brand weapon {unknown}
 g - 2 scrolls of noise {unknown}
 j - a scroll of holy word {unknown}
 o - 7 scrolls of identify {unknown}
 s - a scroll of magic mapping {unknown}
 t - a scroll of immolation {unknown}
Potions
 a - 2 potions of lignification {unknown}
 f - 2 potions of resistance {unknown}
 h - 2 potions of mutation {unknown}
 m - a potion of invisibility {unknown}
 n - 2 potions of curing {unknown}
 p - a potion of attraction {unknown}
 q - 2 potions of heal wounds
Miscellaneous
 e - a piece from Xom's chessboard (15/15)


   Skills:
 + Level 2.7 Fighting
 + Level 1.1 Short Blades
 + Level 2.4 Maces & Flails
 - Level 2.0 Armour
 + Level 2.9 Dodging
 - Level 1.0 Stealth
 + Level 0.6 Unarmed Combat
 + Level 4.2 Evocations


You had 5 spell levels left.
You didn't know any spells.
Your spell library contained the following spells:

 Spells                   Type           Power      Damage    Failure   Level
 Portal Projectile        Hex/Tloc       0%         N/A       73%         3
 Blade Hands              Tmut           0%         N/A       100%        5
 Excruciating Wounds      Necr           0%         N/A       100%        5


Dungeon Overview and Level Annotations

Branches:
Dungeon (5/15)
 Temple: D:4-7

Altars:

Annotations:
D:2 1 runed translucent door, exclusion: door, Crazy Yiuf
D:3 exclusion: 2 downstairs


Message History

The iguana is lightly wounded.
The iguana barely misses you.
You hit the iguana but do no damage.
The iguana is lightly wounded.
The quokka closely misses you. The quokka completely misses you.
The iguana barely misses you.
The quokka bites you but does no damage.
You climb upwards.
Level annotation: exclusion: 2 downstairs
There is a stone staircase leading down here.
The iguana bites you but does no damage.
You barely miss the iguana.
The iguana is lightly wounded.
The iguana bites you!
You hit the iguana.
The iguana seems to slow down.
You freeze the iguana.
The iguana is moderately wounded.
You hit the iguana but do no damage.
The iguana is moderately wounded.
The iguana closely misses you.
You hit the iguana but do no damage.
The iguana is moderately wounded.
The iguana misses you.
You hit the iguana but do no damage.
The iguana is moderately wounded.
You hit the iguana. You freeze the iguana.
The iguana is heavily wounded.
The iguana bites you.
You barely miss the iguana.
The iguana is heavily wounded.
The iguana is no longer moving slowly.
The iguana bites you!
* * * LOW HITPOINT WARNING * * *
You completely miss the iguana.
The iguana is heavily wounded.
You closely miss the iguana.
The iguana is heavily wounded.
The iguana barely misses you.
You hit the iguana but do no damage.
The iguana is heavily wounded.
The iguana bites you!
You die...

.....# #.###.#..# ####.#
####.#.#.. #.# ###.....
#.# ##.###... # #.#
#.#....#. ## #.#
#####.#.. .###.######
###.#..# ..........#
######### #..#....
.###.####.# #.rl@...#
###..... .......##.#
#)#####.#### #####.
###.##.##.###.#####....#
###..... #
#..................###
#..#.... #
#######.#########.##
###.#..# # #.# #.#
#####.#.. # #.# #.#
#[#....#. # #.# #.#
##.###..† # ##.## ##.##
###.....


You could see an iguana and a quokka.

Vanquished Creatures
  A hound (D:4)
  An orc priest (D:3)
  An orc wizard (D:4)
  Ijyb (D:4)
  A gnoll (D:3)
  3 adders
  2 worms
  A dart slug (D:3)
  4 orcs
  7 ball pythons
  4 bats
  4 endoplasms
  7 goblins
  7 hobgoblins
  8 jackals
  2 kobolds
  4 quokkas
  3 frilled lizards (D:1)
  6 rats
67 creatures vanquished.

Vanquished Creatures (collateral kills)
  A centaur zombie (D:5)
  4 orcs
  An endoplasm (D:4)
6 creatures vanquished.

Vanquished Creatures (others)
  A centaur zombie (D:5)
  An adder (D:5)
  An ufetubus (D:2)
  3 orcs (D:3)
6 creatures vanquished.

Grand Total: 79 creatures vanquished

Notes
Turn   | Place    | Note
-------+----------+-------------------------------------------
     0 | D:1      | H0rd4k the Human Artificer began the quest for the Orb.
     0 | D:1      | Reached XP level 1. HP: 15/15 MP: 1/1
   374 | D:1      | Found a faded altar of an unknown god.
   380 | D:1      | Reached XP level 2. HP: 20/21 MP: 2/2
  1007 | D:1      | Reached XP level 3. HP: 8/26 MP: 3/3
  2390 | D:2      | Reached skill level 1 in Maces & Flails
  2390 | D:2      | Reached skill level 4 in Evocations
  2390 | D:2      | Reached XP level 4. HP: 6/32 MP: 4/4
  3403 | D:2      | Found a runed translucent door.
  3404 | D:2      | Noticed Crazy Yiuf
  4587 | D:3      | Reached XP level 5. HP: 7/38 MP: 5/5
  5176 | D:4      | Noticed Ijyb
  5193 | D:4      | Killed Ijyb
  5400 | D:4      | Noticed a black bear
  5434 | D:4      | Reached XP level 6. HP: 22/45 MP: 6/6
  5464 | D:5      | Entered Level 5 of the Dungeon
  5464 | D:5      | Noticed a sky beast
  5464 | D:5      | Noticed a necrophage
  5473 | D:5      | Noticed a centaur warrior zombie
  5522 | D:3      | Reached skill level 1 in Short Blades
  5979 | D:3      | Slain by an iguana

Illustrated notes

Levels and vault maps discovered:
D:1:      lightli_arrival_boilingwater, layout_loops_corners,
          chequers_ecumenical_altar_island, minmay_misc_feat_alley
D:2:      layout_basic, minmay_strange_pillars, uniq_crazy_yiuf_cottage
D:3:      layout_loops_ring, minmay_increasing_density
D:4:      layout_cave_pools, gammafunk_ghost_nasty_kobolds, uniq_ijyb
D:5:      layout_rooms, kennysheep_vampire_church, minmay_temple_entry_arrows,
          uniq_blork_the_orc

Skill      XL: |  1  2  3  4  5  6 |
---------------+-------------------+-----
Maces & Flails | 1 2 |  2.4
Evocations     | 4 |  4.2
Dodging        | 2 |  2.9
Fighting       | 2 |  2.7
Short Blades   | 1 |  1.1
Armour         | |  2.0
Stealth        | |  1.0
Unarmed Combat | |  0.6

Action                   |  1- 3 |  4- 6 || total
-------------------------+-------+-------++-------
Melee: Club              |   138 |    98 ||   236
       Punch             |     2 |     2 ||     4
       Dagger            |       |    74 ||    74
       Unarmed           |       |    17 ||    17
Evoke: Wand              |     9 |    18 ||    27
 Stab: Sleeping          |     2 |     1 ||     3
       Confused          |       |     1 ||     1
Armor: Leather armour    |    74 |    38 ||   112
       Skin              |       |     5 ||     5
Dodge: Dodged            |   117 |   163 ||   280
